 Dungeon Crawl Stone Soup version 0.24.1-14-gf8d2b509d9 (webtiles) character file.

Game seed: 11386291739159874876, levelgen mode: deterministic

419 KlarStein the Slasher (level 6, -1/48 HPs)
             Began as a Demonspawn Fighter on July 10, 2020.
             Succumbed to Sigmund's poison
             ... on level 2 of the Dungeon.
             The game lasted 00:15:23 (3948 turns).

KlarStein the Slasher (Demonspawn Fighter)          Turns: 3948, Time: 00:15:24

Health: -1/48      AC:  9    Str: 27    XL:     6   Next: 62%
Magic:  6/6        EV:  7    Int: 15    God:
Gold:   140        SH: 15    Dex: 12    Spells: 5/5 levels left

rFire    + . .     SeeInvis .   a - +0 long sword
rCold    + + .     Gourm    .   c - +1 shield
rNeg     . . .     Faith    .   b - +0 scale mail
rPois    +         Spirit   .   (no helmet)
rElec    +         Reflect  .   j - +1 cloak
rCorr    +         Harm     .   (no gloves)
MR       .....     Rnd*Tele +   (no boots)
Stlth    ..........             (no amulet)
HPRegen  0.16/turn              e - +4 ring of strength
MPRegen  0.10/turn              (no ring)

@: mighty, brilliant, lethally poisoned (-1 -> -45), resistant
A: large bone plates 1, cold resistance 1, teleportitis 1, MP-powered wands
a: no special abilities


You were on level 2 of the Dungeon.
You were not hungry.

You visited 1 branch of the dungeon, and saw 3 of its levels.

You collected 140 gold pieces.

Inventory:

Hand Weapons
 a - a +0 long sword (weapon)
 m - a +2 dagger of venom
 t - a +0 hand crossbow
Missiles
 s - 4 curare-tipped darts (quivered)
Armour
 b - a +0 scale mail (worn)
 c - a +1 shield (worn)
 j - a +1 cloak (worn)
 k - a scarf of spirit shield
Jewellery
 e - a +4 ring of strength (left hand)
Wands
 n - a wand of flame (19)
Scrolls
 g - a scroll of enchant armour
 h - a scroll of identify
 p - 2 scrolls of teleportation
Comestibles
 f - 5 rations
 o - 4 chunks of flesh


   Skills:
 + Level 4.2 Fighting
 * Level 4.3 Long Blades
 + Level 3.8 Armour
 + Level 3.9 Shields


You had 5 spell levels left.
You didn't know any spells.
Your spell library was empty.

Dungeon Overview and Level Annotations

Branches:
Dungeon (3/15)

Altars:
Nemelex Xobeh
Vehumet


Innate Abilities, Weirdness & Mutations

You are partially covered in large bone plates. (SH +4)
Your flesh is cold resistant. (rC+)
You are occasionally teleported next to monsters.
You expend magic power (3 MP) to strengthen your wands.


Message History

Your experience leads to an increase in your attributes!
Your base attributes are Str 17, Int 10, Dex 12.
Increase (S)trength, (I)ntelligence, or (D)exterity?
You feel stronger.
Your demonic ancestry asserts itself...
You feel resistant to cold.
You feel a bit more experienced.
* * * LOW HITPOINT WARNING * * *
You feel very sick.
You feel protected.
* * * LOW HITPOINT WARNING * * *
You feel very sick.
There is a lethal amount of poison in your body!
It was a potion of mutation.
You feel extremely strange.
You feel weirdly uncertain.
You feel your magical essence link to the dungeon's wands.
* * * LOW HITPOINT WARNING * * *
You feel very sick.
It was a potion of brilliance.
You feel clever all of a sudden.
You die...

####......#.#.# #.#.####.
#......#.#.# #.#.####.
#####+##.#.#########.#......
#.#..#)##.@......#..####
##'#.....#.#####..#......
#....##..#.#####@.##.###.
#....'..)#.#<.....##.....
#....###.#@######.#######
###### #@#.#.............
#.).#.####'#######
##....##......#
#....''..รท...#
#....##......#
#....##......#
#######......# ########


There were no monsters in sight!

Vanquished Creatures
  Sigmund (D:2)
  Crazy Yiuf (D:3)
  Ijyb (D:3)
  Natasha (thrice) (D:3)
  9 adders
  2 worms (D:3)
  A leopard gecko (D:2)
  2 orcs (D:3)
  A ball python (D:1)
  6 bats
  5 giant cockroaches
  5 goblins
  6 hobgoblins
  5 jackals
  2 frilled lizards
  5 kobolds
  7 rats
62 creatures vanquished.

Vanquished Creatures (others)
  2 fungi (D:3)
2 creatures vanquished.

Grand Total: 64 creatures vanquished

Notes
Turn   | Place    | Note
-------+----------+-------------------------------------------
     0 | D:1      | KlarStein the Demonspawn Fighter began the quest for the
                  | Orb.
     0 | D:1      | Reached XP level 1. HP: 18/18 MP: 1/1
   203 | D:1      | Gained mutation: You are partially covered in large bone
                  | plates. (SH +4) [demonic ancestry]
   203 | D:1      | Reached XP level 2. HP: 20/24 MP: 2/2
  1004 | D:2      | Reached XP level 3. HP: 19/29 MP: 3/3
  1138 | D:2      | Noticed Sigmund
  1745 | D:3      | Found a sparkling altar of Nemelex Xobeh.
  1754 | D:3      | Reached XP level 4. HP: 20/35 MP: 4/4
  2209 | D:3      | Noticed Natasha
  2226 | D:3      | HP: 1/35 [Natasha (2)]
  2228 | D:3      | Killed Natasha
  2552 | D:3      | Found a radiant altar of Vehumet.
  2607 | D:3      | Reached XP level 5. HP: 33/42 MP: 5/5
  2789 | D:3      | Noticed Natasha
  2805 | D:3      | Killed Natasha
  2985 | D:3      | Found a runed translucent door.
  2986 | D:3      | Noticed Crazy Yiuf
  2999 | D:3      | Killed Crazy Yiuf
  3066 | D:3      | Noticed Ijyb
  3090 | D:3      | Killed Ijyb
  3446 | D:3      | Noticed Natasha
  3455 | D:3      | Killed Natasha
  3945 | D:2      | Killed Sigmund
  3945 | D:2      | Gained mutation: Your flesh is cold resistant. (rC+)
                  | [demonic ancestry]
  3945 | D:2      | Reached XP level 6. HP: 15/48 MP: 6/6
  3947 | D:2      | Gained mutation: You are occasionally teleported next to
                  | monsters. [potion of mutation]
  3947 | D:2      | Gained mutation: You expend magic power (3 MP) to
                  | strengthen your wands. [potion of mutation]
  3948 | D:2      | Succumbed to Sigmund's poison

Levels and vault maps discovered:
D:1:      lemuel_arrival_river_ford, layout_basic
D:2:      layout_basic, uniq_sigmund
D:3:      layout_loops_ring, fiery_altar_vehumet, overflow_temple_1_default,
          kennysheep_potato, uniq_ijyb, uniq_crazy_yiuf_cottage, uniq_natasha

Skill      XL: |  1  2  3  4  5 |
---------------+----------------+-----
Long Blades    | 2 3 4 |  4.3
Shields        | 3 |  3.9
Armour         | 3 |  3.8
Fighting       | 4 |  4.2

Action                   |  1- 3 |  4- 6 || total
-------------------------+-------+-------++-------
Melee: Long sword        |   141 |   170 ||   311
  Use: Scroll            |     3 |     7 ||    10
       Potion            |       |     6 ||     6
  Eat: Chunk             |     3 |     7 ||    10
Armor: Scale mail        |    69 |    49 ||   118
Dodge: Dodged            |    28 |    32 ||    60
Block: Shield            |   120 |   136 ||   256
       Rpst.: Long sword |    11 |     9 ||    20
